Map: Blackpink LE

Players

Neeb

  • Race: Protoss Protoss
  • Spawn Location: 7:00

Rogue - Winner!

  • Race: Zerg Zerg
  • Spawn Location: 1:00

Event: IEM Season 12 - Katowice

VOD

Have the link to the VOD?

Description

Time

  • Played on: March 2, 2018, 7:09 a.m.
  • Length: 8:20

All games in this series

Show
View Real Time Build Order
Export as new Build Order

Neeb Protoss 

Build Orders: 1 Gate Expand, Oracle Opening, Phoenix Opening 

Get SALT Encoding   

  12  0:00  Probe  
  13  0:12  Probe  
  14  0:17  Pylon  
  14  0:25  Probe (Chrono Boost)  
  15  0:30  Assimilator  
  15  0:37  Probe (Chrono Boost)  
  16  0:43  Gateway  
  16  0:46  Probe (Chrono Boost)  
  17  0:53  Probe  
  18  1:05  Probe  
  19  1:17  Probe  
  20  1:24  Nexus  
  20  1:32  Cybernetics Core  
  20  1:34  Probe  
  20  1:39  Assimilator  
  21  1:47  Probe  
  22  1:49  Pylon  
  22  1:59  Probe  
  23  2:06  Adept (Chrono Boost)  
  25  2:11  Probe  
  25  2:13  Stargate  
  26  2:21  Warp Gate  
  26  2:23  Probe  
  26  2:25  Adept (Chrono Boost)  
  29  2:35  Probe  
  30  2:38  Probe  
  30  2:44  Adept (Chrono Boost)  
  30  2:47  Probe  
  30  2:50  Probe  
  34  2:53  Oracle (Chrono Boost)  
  37  2:59  Probe  
  37  3:02  Probe  
  39  3:06  Pylon  
  39  3:11  Probe  
  40  3:14  Probe  
  41  3:23  Probe  
  41  3:25  Phoenix  
  41  3:26  Probe  
  45  3:35  Probe, Gateway  
  45  3:38  Probe  
  47  3:42  Gateway  
  47  3:48  Probe  
  48  3:50  Probe  
  48  3:52  Assimilator  
  48  3:55  Twilight Council  
  49  4:00  Probe  
  49  4:02  Probe  
  51  4:03  Oracle (Chrono Boost)  
  51  4:05  Pylon  
  54  4:11  Assimilator  
  54  4:23  Probe x2  
  56  4:25  Pylon  
  56  4:31  Robotics Facility  
  56  4:35  Probe x2  
  56  4:36  Resonating Glaives (Chrono Boost)  
  58  4:48  Probe, Nexus  
  58  4:50  Adept  
  58  4:51  Adept, Probe  
  64  5:00  Probe  
  64  5:02  Adept  
  64  5:03  Probe  
  68  5:10  Pylon  
  68  5:12  Probe  
  69  5:15  Probe  
  69  5:21  Adept x2  
  68  5:22  Adept  
  68  5:28  Immortal (Chrono Boost)  
  74  5:29  Pylon  
  74  5:30  Probe x2  
  76  5:42  Probe x2  
  78  5:48  Adept x3  
  78  5:49  Shield Battery  
  84  5:54  Probe x2  
  86  6:01  Probe  
  86  6:03  Robotics Bay  
  87  6:04  Forge  
  87  6:08  Adept x2  
  87  6:10  Adept  
  90  6:16  Void Ray (Chrono Boost)  
  85  6:26  Immortal (Chrono Boost)  
  85  6:30  Sentry x2  
  85  6:31  Sentry  
  95  6:34  Pylon  
  95  6:35  Probe  
  98  6:41  Shield Battery  
  98  6:46  Shield Battery  
  96  6:55  Adept x2  
  96  6:58  Probe  
  96  7:02  Pylon, Immortal (Chrono Boost)  
  96  7:03  Probe  
  96  7:04  Pylon  
  96  7:08  Probe  
  100  7:10  Probe  
  100  7:11  Adept  
  96  7:20  Stalker x2  
  91  7:31  Cybernetics Core  
  91  7:32  Gateway  
  91  7:34  Gateway  
  91  7:35  Adept, Immortal (Chrono Boost)  
  77  7:44  Adept  
  77  7:45  Adept, Probe x2  
  77  7:46  Probe  
  77  7:57  Probe, Stalker x2  
  73  8:08  Sentry  
Show
View Real Time Build Order
Export as new Build Order

Rogue Zerg - Winner!

Build Orders: Hatch First 

Get SALT Encoding   

  12  0:00  Drone  
  13  0:12  Overlord  
  13  0:17  Drone  
  14  0:31  Drone x2  
  16  0:48  Hatchery  
  15  0:52  Drone  
  15  0:55  Drone  
  17  0:59  Drone  
  18  1:10  Extractor  
  17  1:13  Spawning Pool  
  17  1:16  Drone  
  17  1:20  Drone  
  18  1:29  Drone  
  19  1:39  Overlord  
  19  1:51  Drone  
  20  2:00  Queen  
  20  2:01  Queen, Zergling x4  
  26  2:10  Metabolic Boost  
  26  2:12  Drone x2  
  28  2:21  Drone  
  28  2:22  Drone  
  30  2:34  Hatchery  
  29  2:37  Zergling x2  
  29  2:43  Drone x2  
  32  2:46  Overlord  
  32  2:54  Zergling x4  
  34  3:06  Drone x2  
  36  3:15  Drone  
  36  3:16  Drone x5  
  42  3:22  Spore Crawler  
  42  3:23  Overlord  
  42  3:24  Drone  
  42  3:25  Spore Crawler  
  41  3:34  Drone  
  41  3:35  Drone  
  42  3:46  Queen x2  
  46  3:50  Drone x3  
  46  3:54  Overlord  
  46  3:55  Drone x3  
  52  4:01  Drone x2  
  54  4:06  Zergling x2  
  54  4:08  Queen  
  54  4:09  Spore Crawler, Overlord  
  56  4:15  Zergling x2  
  58  4:17  Drone x2  
  58  4:22  Overlord  
  59  4:24  Queen  
  59  4:27  Drone  
  59  4:28  Drone  
  59  4:30  Zergling x6  
  66  4:39  Spore Crawler  
  66  4:40  Overlord  
  66  4:42  Drone x3  
  68  4:46  Roach Warren, Extractor  
  68  4:47  Extractor  
  68  4:51  Overlord  
  64  4:53  Drone x2  
  64  4:55  Overlord  
  66  5:00  Queen  
  66  5:04  Overlord  
  66  5:08  Queen  
  66  5:16  Zergling x2  
  66  5:17  Zergling x6  
  68  5:23  Overlord  
  68  5:26  Roach x5  
  68  5:27  Roach  
  80  5:29  Roach  
  80  5:35  Roach x3  
  87  5:45  Roach x3  
  87  5:46  Roach x2  
  87  5:49  Overlord  
  97  5:53  Overlord  
  97  5:59  Zergling x2  
  97  6:02  Overlord  
  97  6:08  Zergling x10  
  102  6:13  Zergling x2  
  102  6:15  Zergling x2  
  101  6:23  Zergling x14  
  101  6:25  Zergling x2  
  107  6:26  Zergling x6  
  107  6:28  Ravager x7  
  107  6:30  Overlord  
  117  6:34  Zergling x2  
  119  6:40  Ravager, Overlord  
  119  6:47  Ravager  
  119  6:48  Zergling x6  
  119  6:53  Zergling x8  
  127  7:00  Zergling x2  
  127  7:01  Zergling x8  
  121  7:09  Zergling x4  
  121  7:14  Zergling x2  
  113  7:16  Zergling x2  
  113  7:20  Ravager x2  
  111  7:24  Zergling x4  
  108  7:36  Zergling x6  
  106  7:39  Queen, Hatchery  
  106  7:40  Zergling x12  
  106  7:41  Zergling x4  
  109  7:50  Evolution Chamber, Zergling x4  
  109  7:55  Zergling x2  
  110  8:00  Zergling x2  
  110  8:01  Ravager  

Tags
 
Add a new tag
Caveats
  • Supply blocks, unpowered buildings, or Contaminate may cause inaccurate times.
  • Supply counts are checked every 10 seconds.